 Dungeon Crawl Stone Soup version 0.28.0-53-g5a82cb258f (webtiles) character file.

Game seed: 14519317360552760470

65 melloss the Sneak (level 3, 0/16 HPs)
             Began as a Spriggan Enchanter on June 9, 2022.
             Slain by a hobgoblin (4 damage)
             ... on level 3 of the Dungeon.
             The game lasted 00:05:27 (2206 turns).

melloss the Sneak (Spriggan Enchanter)              Turns: 2206, Time: 00:05:27

Health: 0/16       AC:  2    Str:  4    XL:     3   Next: 94%
Magic:  1/8        EV: 18    Int: 18    God:
Gold:   108        SH:  0    Dex: 15    Spells: 5/7 levels left

rFire   . . .      SeeInvis +   a - +1 dagger
rCold   . . .      Faith    .   (no shield)
rNeg    . . .      Spirit   .   b - +0 robe
rPois   .          Reflect  .   (helmet restricted)
rElec   .          Harm     .   (no cloak)
rCorr   .          Rampage  .   (gloves unavailable)
Will    .....                   (boots unavailable)
Stlth   +++.......              (no amulet)
HPRegen 0.05/turn               (no ring)
MPRegen 0.11/turn               (no ring)

@: very quick
A: very small, no large weapons, unfitting armour, see invisible, speed 3
a: no special abilities


You were on level 3 of the Dungeon.
You visited 1 branch of the dungeon, and saw 3 of its levels.

You collected 108 gold pieces.

Inventory:

Hand Weapons
 a - a +1 dagger (weapon)
Missiles
 d - 28 stones (quivered)
 m - 6 curare-tipped darts
Armour
 b - a +0 robe (worn)
Scrolls
 e - a scroll of torment {unknown}
 f - 2 scrolls of amnesia {unknown}
 g - 2 scrolls of enchant weapon {unknown}
 h - a scroll of magic mapping {unknown}
 j - a scroll of identify {unknown}
 k - a scroll of blinking {unknown}
Potions
 c - a potion of invisibility
 i - 3 potions of curing {unknown}
 l - 3 potions of heal wounds {unknown}


   Skills:
 - Level 1.1 Short Blades
 + Level 4.4 Dodging
 + Level 6.1 Stealth
 - Level 2.6 Spellcasting
 - Level 3.6 Hexes


You had 5 spell levels left.
You knew the following spells:

 Your Spells              Type           Power      Damage    Failure   Level
a - Ensorcelled Hibernat  Hex/Ice        16%        N/A       12%         2

Your spell library contained the following spells:

 Spells                   Type           Power      Damage    Failure   Level
 Confusing Touch          Hex            15%        N/A       12%         3
 Tukima's Dance           Hex            15%        N/A       12%         3
 Dazzling Flash           Conj/Hex       16%        N/A       24%         3
 Corpse Rot               Necr/Air       4%         N/A       26%         2
 Dispel Undead            Necr           2%         3d7       86%         4
 Death Channel            Necr           1%         N/A       100%        6


Dungeon Overview and Level Annotations

Branches:
Dungeon (3/15)

Altars:


Innate Abilities, Weirdness & Mutations

You are very small and have problems with some larger weapons.
You are too small for most types of armour.
You have supernaturally acute eyesight. (SInv)
You cover ground extremely quickly. (Speed+++)


Message History

You barely miss the goblin.
The goblin is severely wounded.
The goblin hits you with a +0 club.
You hit the goblin but do no damage.
The goblin is severely wounded.
Casting: Ensorcelled Hibernation (safe; 12% risk of failure)
Confirm with . or Enter, or press ? or * to list all spells.
Aiming: Ensorcelled Hibernation (safe; 12% risk of failure)
Press: ? - help, Shift-Dir - straight line, f/p - hobgoblin
Aim: a hobgoblin (heavily wounded, chance to affect: 59%)
The goblin resists with significant effort.
The goblin closely misses you.
Casting: Ensorcelled Hibernation (safe; 12% risk of failure)
Confirm with . or Enter, or press ? or * to list all spells.
Aiming: Ensorcelled Hibernation (safe; 12% risk of failure)
Press: ? - help, Shift-Dir - straight line, f - goblin, p - hobgoblin
Aim: a goblin, wielding a +0 club (severely wounded, chance to affect: 59%)
The goblin looks drowsy...
The helpless goblin fails to defend itself.
You impale the goblin!!
You kill the goblin!
You hit the hobgoblin.
The hobgoblin is severely wounded.
The hobgoblin hits you.
* * * LOW HITPOINT WARNING * * *
There is a stone staircase leading down here.
You climb downwards.
There is a stone staircase leading up here.
Found a scroll labelled JIROS ATOJE.
Found 3 gold pieces and a falchion.
The hobgoblin shouts!
Found a stone staircase leading down.
Casting: Ensorcelled Hibernation (safe; 12% risk of failure)
Confirm with . or Enter, or press ? or * to list all spells.
Aiming: Ensorcelled Hibernation (safe; 12% risk of failure)
Press: ? - help, Shift-Dir - straight line, f - hobgoblin
Aim: a hobgoblin (chance to affect: 59%)
The hobgoblin resists with significant effort.
The hobgoblin hits you.
You die...

#### # ..# .# #
#####.######.#.#
.#....<..........
........@g.......>
...######.........
. ..........###?.
................
..........###.#.
..........#
$........##
......)..#
.........#


You could see a hobgoblin.

Vanquished Creatures
  3 adders (D:2)
  2 endoplasms (D:2)
  3 giant cockroaches (D:2)
  9 goblins
  2 hobgoblins (D:1)
  4 quokkas
  3 ball pythons
  4 bats
  2 frilled lizards (D:1)
  4 kobolds
36 creatures vanquished.

Notes
Turn   | Place    | Note
-------+----------+-------------------------------------------
     0 | D:1      | melloss the Spriggan Enchanter began the quest for the Orb.
     0 | D:1      | Reached XP level 1. HP: 9/9 MP: 5/5
   446 | D:1      | Reached skill level 5 in Stealth
   446 | D:1      | Reached XP level 2. HP: 13/13 MP: 6/6
   449 | D:1      | Learned a level 2 spell: Ensorcelled Hibernation
  1541 | D:2      | Reached XP level 3. HP: 16/16 MP: 8/8
  2013 | D:2      | Reached skill level 6 in Stealth
  2206 | D:3      | Slain by a hobgoblin

Illustrated notes

Levels and vault maps discovered:
D:1:      dpeg_arrival_pits, layout_basic, serial_forest,
          infiniplex_forest_side_room, infiniplex_forest_fountain,
          infiniplex_forest_lined_room_, infiniplex_forest_zigzag_1,
          infiniplex_forest_end_2, interstate_on_off, hex_intersection,
          chequers_arboretum
D:2:      minmay_recursive_quarters, layout_loops_cross, uniq_robin
D:3:      layout_basic, mainiacjoe_overflow_catwalk,
          dreamdust_ecumenical_altar_angels_and_demons

Skill      XL: |  1  2  3 |
---------------+----------+-----
Dodging        | 3 4 |  4.4
Stealth        | 5 6 |  6.1
Short Blades   | |  1.1
Spellcasting   | |  2.6
Hexes          | |  3.6

Action                   || total
-------------------------++-------
Melee: Dagger            ||   107
 Cast: Ensorcelled Hiber ||    17
 Stab: Sleeping          ||    21
       Distracted        ||     1
Armor: Robe              ||     6
Dodge: Dodged            ||    70
